Construct Infanterie Kompanie
Selects Luftwaffe Battlegroup
Selects Luftwaffe Pioneer Support
Fallschirmpioneer Squad Paradrop
Fallschirmpioneer Squad Paradrop
Infanterie Officer Quarters
Construct Luftwaffe Kompanie
Selects Stuka Strafing Run
Selects Fallschirmjäger Squad Paradrop
Fallschirmjäger Squad Paradrop
Selects Flak 38 Anti-Air Emplacement
Luftwaffe Officer Quarters
Fallschirmjäger Squad Paradrop
Selects Flak 36 Anti-tank Gun Emplacement
Construct Panzer Kompanie